 Dungeon Crawl Stone Soup version 0.30.1-9-gdf580d7c3d (webtiles) character file.

Game seed: 12994347483221853741

63459 Electrofox the Severer (level 14, -11/138 HPs)
             Began as a Minotaur Berserker on Oct 17, 2023.
             Was a High Priest of Trog.
             Mangled by an azure jelly (43 damage)
             ... on level 1 of the Swamp on Oct 24, 2023.
             The game lasted 02:17:33 (20264 turns).

Electrofox the Severer (Minotaur Berserker)        Turns: 20264, Time: 02:17:33

Health: -11/138    AC: 26    Str: 25    XL:     14   Next: 68%
Magic:  13/13      EV:  9    Int:  6    God:    Trog [*****.]
Gold:   1499       SH:  5    Dex: 15    Spells: 13/13 levels left

rFire   . . .        S - +1 battleaxe (heavy)
rCold   . . .        (shield currently unavailable)
rNeg    . . .        G - +0 plate armour
rPois   .            J - +2 hat
rElec   +            E - +1 cloak
rCorr   +            M - +0 pair of gloves
SInv    +            i - +0 pair of boots
Will    ++...        r - amulet of reflection Stlth
                     Y - ring of Junitiu {Contam rElec Will- Dex+5 SInv}
HPRegen 1.43/turn    f - ring of resist corrosion
MPRegen 0.13/turn

%: reflection
@: strong-willed, regenerating, slowed, studying Unarmed Combat, very slow
A: horns 2, retaliatory headbutt
a: Renounce Religion, Berserk, Trog's Hand, Brothers in Arms


You were on level 1 of the Swamp.
You worshipped Trog.
Trog was extremely pleased with you.
You visited 3 branches of the dungeon, and saw 18 of its levels.
You also visited: Gauntlet.

You collected 1564 gold pieces.
You spent 65 gold pieces at shops.

Inventory:

Hand Weapons
 a - a +3 great mace of protection
 S - a +1 heavy battleaxe (weapon)
Missiles
 D - 10 curare-tipped darts
 N - 2 throwing nets
 R - 7 silver javelins (quivered)
 T - 34 poisoned darts
Armour
 i - a +0 pair of boots (worn)
 E - a +1 cloak (worn)
 G - a +0 plate armour (worn)
 J - a +2 hat (worn)
 M - a +0 pair of gloves (worn)
Jewellery
 f - a ring of resist corrosion (right hand)
 g - a ring of willpower
 r - an amulet of reflection (around neck)
 Y - the ring of Junitiu (left hand) {Contam rElec Will- Dex+5 SInv}
   (You found it in a Gauntlet)

   [ring of see invisible]

   Dex:       It affects your dexterity (+5).
   rElec:     It insulates you from electricity.
   SInv:      It lets you see invisible.
   Contam:    It causes magical contamination when unequipped.
   Will:      It decreases your willpower.
Wands
 d - a wand of polymorph (10)
 l - a wand of iceblast (8)
 F - a wand of flame (4)
 K - a wand of digging (4)
 L - a wand of mindburst (12)
 Q - a wand of charming (13)
 V - a wand of acid (21)
Scrolls
 c - a scroll of poison {unknown}
 h - 3 scrolls of silence
 j - a scroll of brand weapon
 m - 3 scrolls of acquirement {unknown}
 o - 3 scrolls of fear
 q - 2 scrolls of enchant weapon
 x - 2 scrolls of immolation {unknown}
 y - 4 scrolls of blinking {unknown}
 z - 5 scrolls of teleportation
 A - 2 scrolls of enchant armour
 C - 2 scrolls of amnesia {unknown}
 H - a scroll of magic mapping
 P - a scroll of fog
 U - a scroll of butterflies {unknown}
Potions
 b - 3 potions of resistance {unknown}
 e - 8 potions of heal wounds
 k - 9 potions of curing
 n - a potion of ambrosia
 p - 3 potions of flight
 s - 3 potions of might
 t - 8 potions of haste
 w - a potion of cancellation
 B - 2 potions of invisibility
 O - a potion of mutation


   Skills:
 * Level 16.9 Fighting
 - Level 20.0 Axes
 - Level 1.1(13.1) Maces & Flails
 * Level 17.2 Armour
 - Level 2.1 Dodging


You had 13 spell levels left.
You didn't know any spells.
Your spell library was empty.

Dungeon Overview and Level Annotations

Branches:
Dungeon (12/15)            Temple (0/1) D:4            Lair (5/5) D:9
  Swamp (1/4) Lair:2        Snake (0/4) Lair:3        Slime (0/5) Lair:5
    Orc (0/2) D:11        Gauntlet (visited)

Altars:
Ashenzari
Cheibriados
Elyvilon
Okawaru
Qazlal
Ru
Uskayaw
Wu Jian
Xom
Yredelemnul

Shops:
D:1 (   D:5 :   D:9 *:([!   D:10 (   D:12 *

Portals:
Trove: D:11 (give +3 fire dragon scales)
Ice
Cave: Swamp:1

Annotations:
D:7 1 runed translucent door, exclusion: door, Rihmasto's ghost, novice MiBe
Lair:5 exclusion: 2 doors
Swamp:1 exclusion: 3 doors


Innate Abilities, Weirdness & Mutations

You have a pair of horns on your head.
You reflexively headbutt those who attack you in melee.


Message History

You barely miss the freezing wraith.
The freezing wraith is almost destroyed.
The freezing wraith hits you. The freezing wraith freezes you!
The freezing wraith hits you but does no damage.
You slice the freezing wraith!!
You destroy the freezing wraith!
Trog accepts your kill.
You slice the azure jelly!!
The azure jelly is heavily wounded.
The azure jelly hits you but does no damage. x2
You block the azure jelly's attack.
The azure jelly hits you but does no damage.
The azure jelly closely misses you. The azure jelly barely misses you.
The azure jelly hits you but does no damage. x2
You slash the azure jelly! Your headbutt misses the azure jelly.
The azure jelly is heavily wounded.
The azure jelly hits you. The azure jelly freezes you!!!
You block the azure jelly's attack. The azure jelly closely misses you.
The azure jelly hits you but does no damage. x2
The azure jelly hits you. The azure jelly freezes you!!!
* * * LOW HITPOINT WARNING * * *
The azure jelly hits you.
* * * LOW HITPOINT WARNING * * *
The azure jelly hits you but does no damage.
You feel much better.
The azure jelly hits you but does no damage.
The azure jelly barely misses you.
The azure jelly hits you but does no damage.
You block the azure jelly's attack. The azure jelly barely misses you.
The azure jelly hits you but does no damage. x2
The azure jelly closely misses you.
Your skin crawls.
You feel strong-willed. You block the azure jelly's attack.
The azure jelly completely misses you. You block the azure jelly's attack.
The azure jelly hits you.
* * * LOW HITPOINT WARNING * * *
The azure jelly hits you.
* * * LOW HITPOINT WARNING * * *
The azure jelly freezes you!!!
You die...

.......~♣~♣♣~.~.~..♣♣♣ ***
~~..~~~~~~~.♣~~~.♣♣♣ **~**
~~~~~~~~~~~.♣♣♣...♣♣♣♣♣~,,*
.~~...§~~~.~♣♣♣♣.~~.♣.♣♣~**
§~~~~~.~~........~.~...~.,*
§~~~~~~...######.♣..~.~.,**
~~..~~~..##,,* #...~.~..,**
~~...~..##...###††~♣♣..~,,*
~,,~,,,,*∩....WJ@.~♣,~..~,*
,,,*~,~,*#...###.~.~~.~..**
~~**,~~,,#*,,* #..~......~*
,,,,,~~~,,*****#...~...♣.**
>,,,,~~~,,,,,,,.........♣*
*~,~,,,,~~~~,~~....~...♣♣
*******,,,,,~~~~.......♣*
*,,~~~,*~~.~~~...~.***
**,**~,,,~,~,,~~,~~,,**


You could see an azure jelly and a freezing wraith.

Vanquished Creatures
  Rupert (D:12)
  Gastronok (D:8)
  An eleionoma (Swamp:1)
  A minotaur (Gauntlet)
  A fire dragon (D:10)
  7 hydras
  A centaur warrior (D:11)
  A boulder beetle (Lair:4)
  A rakshasa (D:10)
  2 two-headed ogres
  5 death yaks
  3 skysharks
  Sonja (Lair:4)
  Lodul (D:10)
  2 lindwurms
  An ugly thing (D:11)
  A cyclops (D:12)
  An oklob plant (Gauntlet)
  A cyclops (shapeshifter) (D:12)
  A manticore (D:12)
  2 elephants (Lair:5)
  Maurice (D:11)
  2 torpor snails
  An eye of devastation (Gauntlet)
  A gargoyle (D:10)
  2 black mambas
  15 cane toads
  6 komodo dragons
  4 rime drakes
  An unseen horror (D:11)
  A rime drake (shapeshifter) (D:12)
  A kobold demonologist (D:10)
  An efreet (D:10)
  2 freezing wraiths
  Maggie (Lair:1)
  A tengu conjurer (D:10)
  2 polar bears
  Grinder (D:3)
  2 hornets
  A tyrant leech (Gauntlet)
  4 trolls
  17 blink frogs
  5 dream sheep (Lair:3)
  A shadow (D:10)
  63 yaks
  6 wyverns
  6 wraiths
  A basilisk (Lair:4)
  A golden eye (Gauntlet)
  3 steam dragons
  18 vampire mosquitoes
  5 swamp worms
  Menkaure (D:4)
  A naga (Lair:3)
  17 water moccasins
  3 acid dragons
  A hell hound (Lair:5)
  A floating eye (Gauntlet)
  9 orc warriors
  A sky beast (D:7)
  A swamp drake (Lair:2)
  6 ice beasts
  A black bear (D:5)
  14 centaurs
  8 ogres
  24 wolves
  4 kobold brigands
  15 bullfrogs
  A scorpion (D:7)
  A gnoll sergeant (D:10)
  4 wights (D:6)
  7 killer bees
  10 howler monkeys
  2 hounds
  17 jellies
  6 orc priests
  A sleepcap (D:6)
  6 iguanas
  Natasha (thrice) (D:3)
  8 orc wizards
  3 gnolls (D:4)
  5 adders
  A worm (D:2)
  2 dart slugs
  28 orcs
  5 bats
  8 endoplasms
  A giant cockroach (D:2)
  3 goblins
  5 hobgoblins
  3 quokkas
  5 ball pythons
  26 kobolds
  2 rats (D:3)
482 creatures vanquished.

Vanquished Creatures (others)
  A kobold (D:8)
1 creature vanquished.

Grand Total: 483 creatures vanquished

Notes
Turn   | Place    | Note
-------+----------+-------------------------------------------
     0 | D:1      | Electrofox the Minotaur Berserker began the quest for the
                  | Orb.
     0 | D:1      | Reached XP level 1. HP: 19/19 MP: 0/0
   119 | D:1      | Reached skill level 4 in Axes
   254 | D:1      | Reached XP level 2. HP: 26/26 MP: 1/1
   467 | D:1      | Found Zainn's Weapon Boutique.
  1085 | D:2      | Reached skill level 5 in Axes
  1128 | D:2      | Reached XP level 3. HP: 27/31 MP: 2/2
  1239 | D:2      | Found a faded altar of an unknown god.
  1250 | D:2      | Reached ** piety under Trog
  1364 | D:3      | Noticed Natasha
  1369 | D:3      | Killed Natasha
  1830 | D:3      | Noticed Natasha
  1839 | D:3      | Killed Natasha
  1840 | D:3      | Reached skill level 6 in Axes
  1840 | D:3      | Reached XP level 4. HP: 26/39 MP: 3/3
  1886 | D:3      | Found a white marble altar of Elyvilon.
  2150 | D:3      | Noticed Grinder
  2151 | D:3      | Paralysed by Grinder for 4 turns
  2159 | D:3      | Killed Grinder
  2160 | D:3      | Reached skill level 8 in Axes
  2160 | D:3      | Reached XP level 5. HP: 45/45 MP: 4/4
  2160 | D:3      | Reached XP level 6. HP: 51/51 MP: 5/5
  2288 | D:3      | Noticed Natasha
  2296 | D:3      | Killed Natasha
  2528 | D:4      | Found a large runed translucent door.
  2528 | D:4      | Found a large runed translucent door.
  2576 | D:4      | Found a shimmering altar of Xom.
  2619 | D:4      | Found a broken altar of Ashenzari.
  2786 | D:4      | Noticed Menkaure
  2964 | D:4      | Reached skill level 9 in Axes
  3244 | D:4      | Found an iron altar of Okawaru.
  3321 | D:5      | Entered Level 5 of the Dungeon
  3549 | D:5      | Reached XP level 7. HP: 50/57 MP: 6/6
  3668 | D:5      | Reached skill level 10 in Axes
  3940 | D:5      | Found Diaxu's Vocational Training.
  4080 | D:5      | Reached skill level 11 in Axes
  4174 | D:5      | Found a stormy altar of Qazlal.
  4549 | D:6      | Found a basalt altar of Yredelemnul.
  4604 | D:6      | Reached XP level 8. HP: 64/64 MP: 7/7
  4680 | D:6      | Reached skill level 12 in Axes
  5708 | D:4      | Found a staircase to the Ecumenical Temple.
  5764 | D:4      | Killed Menkaure
  5765 | D:4      | Reached skill level 13 in Axes
  5869 | D:7      | Reached *** piety under Trog
  5900 | D:7      | Found a snail-covered altar of Cheibriados.
  6061 | D:7      | Reached skill level 14 in Axes
  6119 | D:7      | Found a runed translucent door.
  6119 | D:7      | Noticed Rihmasto's ghost (novice MiBe)
  6434 | D:7      | Reached XP level 9. HP: 70/70 MP: 8/8
  6466 | D:7      | Reached skill level 15 in Axes
  6671 | D:7      | Noticed a manticore
  6918 | D:8      | Noticed Gastronok
  6951 | D:8      | Reached skill level 16 in Axes
  7448 | D:8      | Killed Gastronok
  7449 | D:8      | Reached skill level 5 in Fighting
  7449 | D:8      | Reached XP level 10. HP: 81/81 MP: 9/9
  7575 | D:9      | Found Cinu's Distillery.
  7764 | D:9      | Found Ziroxad's Antique Weapon Shoppe.
  7789 | D:8      | Reached skill level 5 in Armour
  8009 | D:9      | Reached skill level 17 in Axes
  8174 | D:9      | Bought a potion of heal wounds for 65 gold pieces
  8222 | D:9      | Found a staircase to the Lair.
  8288 | D:9      | Reached **** piety under Trog
  8446 | D:9      | Noticed a two-headed ogre
  8540 | D:9      | Found Zohomefe's Antique Armour Emporium.
  8551 | D:9      | Found Laaseyta's Book Boutique.
  8637 | D:9      | Killed a two-headed ogre
  8638 | D:9      | Reached XP level 11. HP: 94/94 MP: 10/10
  8942 | D:9      | Found Todwimuh's General Store.
  9064 | D:10     | Entered Level 10 of the Dungeon
  9212 | D:10     | Noticed Lodul
  9226 | D:10     | Killed Lodul
  9230 | D:10     | Reached skill level 18 in Axes
  9533 | D:10     | Reached skill level 10 in Armour
  9570 | D:10     | Noticed a two-headed ogre
  9576 | D:10     | Killed a two-headed ogre
  9786 | D:10     | Reached skill level 10 in Fighting
  9793 | D:10     | Noticed a fire dragon
  9907 | D:10     | Noticed a rakshasa
  9927 | D:10     | Killed a rakshasa
  9996 | D:10     | Killed a fire dragon
  9997 | D:10     | Reached XP level 12. HP: 107/107 MP: 11/11
 10393 | D:10     | Found Nineif's Weapon Shop.
 10506 | D:11     | Noticed a centaur warrior
 10512 | D:11     | Killed a centaur warrior
 10839 | D:11     | Reached ***** piety under Trog
 10901 | D:11     | Found a portal to a secret trove of treasure.
 10903 | D:11     | Noticed Maurice
 10911 | D:11     | Killed Maurice
 11481 | D:11     | Found a staircase to the Orcish Mines.
 11555 | D:10     | Received a gift from Trog
 11669 | D:4      | Found a hide-covered altar of Uskayaw.
 11676 | D:4      | Found a sacrificial altar of Ru.
 11935 | D:12     | Reached skill level 19 in Axes
 12112 | D:12     | Noticed Rupert
 12124 | D:12     | Killed Rupert
 12479 | D:12     | Noticed a boulder beetle
 12503 | D:12     | Reached skill level 1 in Maces & Flails
 12515 | D:12     | Reached XP level 13. HP: 102/119 MP: 12/12
 12620 | D:12     | Found Smuczuit's Superlative Supplies.
 13033 | Lair:1   | Entered Level 1 of the Lair of Beasts
 13047 | Lair:1   | Noticed Maggie
 13066 | Lair:1   | Killed Maggie
 13948 | Lair:2   | Found a staircase to the Swamp.
 14007 | Lair:2   | Found a gate leading to a gauntlet.
 14019 | Gauntlet | Entered a Gauntlet
 14019 | Gauntlet | Found a transporter.
 14019 | Gauntlet | Found a transporter.
 14019 | Gauntlet | Found a runed translucent gate.
 14021 | Gauntlet | Found a runed translucent gate.
 14023 | Gauntlet | Found a transporter.
 14023 | Gauntlet | Found a transporter.
 14024 | Gauntlet | Found a runed translucent gate.
 14026 | Gauntlet | Found a transporter.
 14059 | Gauntlet | Found a transporter.
 14059 | Gauntlet | Found a transporter.
 14061 | Gauntlet | Found a transporter.
 14073 | Gauntlet | Found a transporter.
 14089 | Gauntlet | Found a transporter.
 14099 | Gauntlet | Found a transporter.
 14099 | Gauntlet | Noticed a cacodemon
 14113 | Gauntlet | Found a transporter.
 14133 | Gauntlet | Found a transporter.
 14149 | Gauntlet | Found a transporter.
 14360 | Gauntlet | Paralysed by a floating eye for 2 turns
 14379 | Gauntlet | Paralysed by a floating eye for 3 turns
 14384 | Gauntlet | Identified the +5 hand axe of Dissatisfaction {heavy, rElec
                  | rF- rN+++ Dex+7}
 14538 | Gauntlet | Identified the +1 hat "Zaj Yweh" {Str-4 Dex+3 Slay+2}
 14541 | Gauntlet | Identified the ring of Junitiu {Contam rElec Will- Dex+5
                  | SInv}
 14643 | Gauntlet | Noticed a minotaur
 14649 | Gauntlet | Killed a minotaur
 15258 | Lair:2   | Identified the +5 morningstar of the Blushing Gods {heavy,
                  | rN+ Will- Str+2}
 15986 | Lair:3   | Reached skill level 15 in Armour
 16255 | Lair:3   | Found a staircase to the Snake Pit.
 16508 | Lair:4   | Noticed Sonja
 16520 | Lair:4   | Killed Sonja
 16521 | Lair:4   | Reached skill level 15 in Fighting
 16899 | Lair:4   | Found an ornate altar of the Wu Jian Council.
 16951 | Lair:4   | Reached XP level 14. HP: 117/135 MP: 13/13
 17322 | Lair:4   | Identified the +3 executioner's axe of Defence by Offence
                  | {heavy, Will+} (Trog gifted it to you on level 4 of the
                  | Lair of Beasts)
 17322 | Lair:4   | Received a gift from Trog
 18050 | Lair:4   | Reached skill level 20 in Axes
 18225 | Lair:5   | Entered Level 5 of the Lair of Beasts
 19083 | Lair:5   | Found a staircase to the Slime Pits.
 20008 | Swamp:1  | Entered Level 1 of the Swamp
 20256 | Swamp:1  | Found a frozen archway.
 20256 | Swamp:1  | Noticed an azure jelly
 20264 | Swamp:1  | Mangled by an azure jelly

Illustrated notes

Levels and vault maps discovered:
D:1:      dreamdust_arrival_sigmund_warning, layout_basic, serial_shops,
          nicolae_lakefront_shop, kennysheep_nondescript
D:2:      layout_loops_ring, hellmonk_ecumenical_altar_inner_sanctum,
          moated_statue, serial_bayou_lagoon_b
D:3:      layout_loops_corners, mainiacjoe_overflow_small_starburst,
          uniq_grinder, uniq_natasha
D:4:      layout_basic, jmf_multi_god_temple2, okawaru_ov_weapons_minmay,
          mainiacjoe_overflow_tiny_flanked, nicolae_ashenzari_panopticon,
          minmay_temple_entry_enclosed_plants, guppyfry_early_lair_pool,
          uniq_menkaure
D:5:      layout_loops_cross, nicolae_qazlal_eye_of_the_storm,
          dk_noncrumbling_2, nicolae_shop_vocational
D:6:      layout_basic, lemuel_crystal_altar
D:7:      layout_basic, mainiacjoe_overflow_24_doors,
          hellmonk_ghost_happy_afterlife
D:8:      layout_basic, uniq_gastronok
D:9:      layout_long_grid, hellmonk_lair_entry_icy, serial_shops, shop, shop,
          shop, shop, shop, minmay_diced_spiral
D:10:     minmay_imperfect_grid, layout_gridville, serial_shops, shop,
          lightli_fourway_metalbox, uniq_lodul
D:11:     layout_roguey, david_orc_4, enter_trove_1, minmay_fountain_box,
          uniq_maurice
D:12:     hangedman_cross_veins, layout_loops_corners, serial_glass,
          glass_columns_b, glass_columns_b, nicolae_alphabet_shops,
          chequers_serial_rivers_small_3, uniq_psyche, uniq_rupert
Lair:1:   layout_gridlike, uniq_maggie
Lair:2:   layout_hall_layers, minmay_swamp_entry_reptiles,
          gauntlet_entry_generic, minivault_26, minivault_25,
          infiniplex_staircase_pool
Lair:3:   layout_chaotic_city, guppyfry_snake_entry_garden, beast_lair_carwin_6
Lair:4:   layout_hall_layers, basic_altar, grunt_megastairs_1,
          lemuel_fruit_fields, uniq_sonja
Lair:5:   evil_forest, layout_gridlike, minmay_slime_entry_jelly_boxes
Swamp:1:  nicolae_swamp_flooded_prison, layout_basic_swamp,
          portal_ice_cave_entry_frozen_things, gammafunk_ghost_cemetery,
          nicolae_swamp_some_circles, swamp_pool2, nicolae_swamp_oxbows

Skill      XL: |  1  2  3  4  5  6  7  8  9 10 11 12 13 14 |
---------------+-------------------------------------------+-----
Axes           | 4 5 6 8 9 11 14 16 17 18 19 20 | 20.0
Fighting       | 5 7 10 12 15 16 | 16.9
Armour         | 4 7 10 13 15 17 | 17.2
Maces & Flails | 1 |  1.1
Dodging        | |  2.1

Action                     |  1- 3 |  4- 6 |  7- 9 | 10-12 | 13-15 || total
---------------------------+-------+-------+-------+-------+-------++-------
  Melee: Hand axe          |    67 |       |   109 |       |       ||   176
         Headbutt          |    13 |     8 |    49 |   104 |    81 ||   255
         War axe           |     7 |    69 |    30 |       |       ||   106
         Battleaxe         |       |       |    45 |   507 |   366 ||   918
         Great mace        |       |       |       |    18 |    52 ||    70
   Fire: Sling             |       |       |    20 |     4 |       ||    24
  Throw: Dart              |       |       |       |       |    30 ||    30
         Javelin           |       |       |       |       |     1 ||     1
 Invoke: Berserk           |       |     2 |     6 |    12 |     7 ||    27
         Trog's Hand       |       |     1 |     1 |     4 |     1 ||     7
    Use: Scroll            |       |     3 |     4 |     4 |    14 ||    25
         Potion            |       |       |       |     1 |     1 ||     2
 Armour: Animal skin       |     3 |       |       |       |       ||     3
         Ring mail         |    17 |       |       |       |       ||    17
         Scale mail        |     1 |       |       |       |       ||     1
         Chain mail        |       |    28 |    31 |       |       ||    59
         Plate armour      |       |       |    18 |   241 |   335 ||   594
  Dodge: Dodged            |    32 |    22 |    40 |   138 |   200 ||   432
  Block: Other             |     3 |    10 |     6 |   104 |   108 ||   231
         Buckler           |       |       |    24 |       |       ||    24
         Reflection        |       |       |       |     6 |       ||     6
